Workbook
Name \A: #REF!
Name \A: #REF!
Name \B: #REF!
Name \B: #REF!
Name \C: #REF!
Name \C: #REF!
Name MACROS: #REF!
Name PART1: #REF!
Name PART2_1: 'Continuation Budget Summary'!$B$2:$D$88
Name PART2_1: #REF!
Name PART2_2: 'Salary Detail - Cont. Budget'!#REF!
Name PART2_2: #REF!

Sheet Continuation Budget Summary
B2: CONTINUATION BUDGET SUMMARY | F2: See Fiscal Handbook for Instructions. Do Not Change Forms
B4: Agency: | N4: Agency:
B5: Program: | N5: Program:
B6: Contract Period: | N6: Contract Period:
B7: Total Agency Budget: | N7: Total Agency Budget:
D8: FY 24-25 | E8: FY 25-26 | H8: FY 24-25 | I8: FY 25-26
D9: Total Program | E9: Total Program | F9: % | H9: CBHC | I9: CBHC | J9: %
D10: Budget | E10: Budget | F10: Change | H10: Budget | I10: Budget | J10: Change
D11: (1) | E11: (2) | F11: (3) | H11: (4) | I11: (5) | J11: (6)
B13: REVENUES:
B15: (please list individually)
B16: Children's Board Allocation | E16: ='Budget Narrative'!B11 -> 0 | F16: =IFERROR(ROUND((E16-D16)/D16,4),"") | I16: ='Budget Narrative'!C11 -> 0 | J16: =IFERROR(ROUND((I16-H16)/H16,4),"") | L16: =IF(H16>D16,"CBHC AMOUNT CAN NOT BE GREATER THAN TOTAL PROGRAM BUDGET AMOUNT IN THE PRIOR CONTRACT PERIOD","") & IF(I16>E16," CBHC AMOUNT CAN NOT BE GREATER THAN TOTAL PROGRAM BUDGET AMOUNT FOR CURRENT CONTRACT PERIOD","")
B17: Other Funding Sources: | F17: =IFERROR(ROUND((E17-D17)/D17,4),"") | J17: =IFERROR(ROUND((I17-H17)/H17,4),"")
E18: ='Budget Narrative'!B15 -> 0 | F18: =IFERROR(ROUND((E18-D18)/D18,4),"") | J18: =IFERROR(ROUND((I18-H18)/H18,4),"") | N18: =IF(ISBLANK(B18),"Blank","NotBlank") -> Blank
E19: ='Budget Narrative'!B16 -> 0 | F19: =IFERROR(ROUND((E19-D19)/D19,4),"") | J19: =IFERROR(ROUND((I19-H19)/H19,4),"") | N19: =IF(ISBLANK(B19),"Blank","NotBlank") -> Blank
E20: ='Budget Narrative'!B17 -> 0 | F20: =IFERROR(ROUND((E20-D20)/D20,4),"") | J20: =IFERROR(ROUND((I20-H20)/H20,4),"") | N20: =IF(ISBLANK(B20),"Blank","NotBlank") -> Blank
E21: ='Budget Narrative'!B18 -> 0 | F21: =IFERROR(ROUND((E21-D21)/D21,4),"") | J21: =IFERROR(ROUND((I21-H21)/H21,4),"") | N21: =IF(ISBLANK(B21),"Blank","NotBlank") -> Blank
E22: ='Budget Narrative'!B19 -> 0 | F22: =IFERROR(ROUND((E22-D22)/D22,4),"") | J22: =IFERROR(ROUND((I22-H22)/H22,4),"") | N22: =IF(ISBLANK(B22),"Blank","NotBlank") -> Blank
E23: ='Budget Narrative'!B20 -> 0 | F23: =IFERROR(ROUND((E23-D23)/D23,4),"") | J23: =IFERROR(ROUND((I23-H23)/H23,4),"") | N23: =IF(ISBLANK(B23),"Blank","NotBlank") -> Blank
B24: Children's Board ASO | E24: ='Budget Narrative'!B21 -> 0 | F24: =IFERROR(ROUND((E24-D24)/D24,4),"") | J24: =IFERROR(ROUND((I24-H24)/H24,4),"")
B26: Sub-Total of Other Funding Sources | D26: =SUM(D18:D25) -> 0 | E26: =SUM(E18:E25) -> 0 | F26: =IFERROR(ROUND((E26-D26)/D26,4),"") | J26: =IFERROR(ROUND((I26-H26)/H26,4),"")
B27: TOTAL REVENUE | D27: =D26+D16 -> 0 | E27: =E26+E16 -> 0 | F27: =IFERROR(ROUND((E27-D27)/D27,4),"") | H27: =H16 -> 0 | I27: =I16 -> 0 | J27: =IFERROR(ROUND((I27-H27)/H27,4),"")
B29: EXPENDITURES:
B31: Salaries | D31: ='Salary Detail - Cont. Budget'!I178 -> 0 | E31: ='Salary Detail - Cont. Budget'!G178 -> 0 | F31: =IFERROR(ROUND((E31-D31)/D31,4),"") | H31: ='Salary Detail - Cont. Budget'!J178 -> 0 | I31: ='Salary Detail - Cont. Budget'!H178 -> 0 | J31: =IFERROR(ROUND((I31-H31)/H31,4),"") | L31: =IF(H31>D31,"CBHC AMOUNT CAN NOT BE GREATER THAN TOTAL PROGRAM BUDGET AMOUNT IN THE PRIOR CONTRACT PERIOD","") & IF(I31>E31," CBHC AMOUNT CAN NOT BE GREATER THAN TOTAL PROGRAM BUDGET AMOUNT FOR CURRENT CONTRACT PERIOD","")
B32: Subtotal Salaries | D32: =D31 -> 0 | E32: =E31 -> 0 | F32: =IFERROR(ROUND((E32-D32)/D32,4),"") | H32: =H31 -> 0 | I32: =I31 -> 0 | J32: =IFERROR(ROUND((I32-H32)/H32,4),"") | L32: =IF(OR(E31>'Salary Detail - Cont. Budget'!G178+1,'Continuation Budget Summary'!I31>'Salary Detail - Cont. Budget'!H178+1,'Continuation Budget Summary'!E31<'Salary Detail - Cont. Budget'!G178-1,'Continuation Budget Summary'!I31<'Salary Detail - Cont. Budget'!H178-1,E31>'Budget Narrative'!B46+1,'Continuation Budget Summary'!I31>'Budget Narrative'!C46+1,'Continuation Budget Summary'!E31<'Budget Narrative'!B46-1,'Continuation Budget Summary'!I31<'Budget Narrative'!C46-1),"Salary Total Does Not Match Both Salary Detail and Budget Narrative Tabs","")
B34: FICA | E34: ='Budget Narrative'!B50 -> 0 | F34: =IFERROR(ROUND((E34-D34)/D34,4),"") | I34: ='Budget Narrative'!C50 -> 0 | J34: =IFERROR(ROUND((I34-H34)/H34,4),"") | L34: =IF(H34>D34,"CBHC AMOUNT CAN NOT BE GREATER THAN TOTAL PROGRAM BUDGET AMOUNT IN THE PRIOR CONTRACT PERIOD","") & IF(I34>E34," CBHC AMOUNT CAN NOT BE GREATER THAN TOTAL PROGRAM BUDGET AMOUNT FOR CURRENT CONTRACT PERIOD","")
B35: Unemployment Compensation | E35: ='Budget Narrative'!B51 -> 0 | F35: =IFERROR(ROUND((E35-D35)/D35,4),"") | I35: ='Budget Narrative'!C51 -> 0 | J35: =IFERROR(ROUND((I35-H35)/H35,4),"") | L35: =IF(H35>D35,"CBHC AMOUNT CAN NOT BE GREATER THAN TOTAL PROGRAM BUDGET AMOUNT IN THE PRIOR CONTRACT PERIOD","") & IF(I35>E35," CBHC AMOUNT CAN NOT BE GREATER THAN TOTAL PROGRAM BUDGET AMOUNT FOR CURRENT CONTRACT PERIOD","")
B36: Workers' Compensation | E36: ='Budget Narrative'!B52 -> 0 | F36: =IFERROR(ROUND((E36-D36)/D36,4),"") | I36: ='Budget Narrative'!C52 -> 0 | J36: =IFERROR(ROUND((I36-H36)/H36,4),"") | L36: =IF(H36>D36,"CBHC AMOUNT CAN NOT BE GREATER THAN TOTAL PROGRAM BUDGET AMOUNT IN THE PRIOR CONTRACT PERIOD","") & IF(I36>E36," CBHC AMOUNT CAN NOT BE GREATER THAN TOTAL PROGRAM BUDGET AMOUNT FOR CURRENT CONTRACT PERIOD","")
B37: Health/Life Insurance | E37: ='Budget Narrative'!B53 -> 0 | F37: =IFERROR(ROUND((E37-D37)/D37,4),"") | I37: ='Budget Narrative'!C53 -> 0 | J37: =IFERROR(ROUND((I37-H37)/H37,4),"") | L37: =IF(H37>D37,"CBHC AMOUNT CAN NOT BE GREATER THAN TOTAL PROGRAM BUDGET AMOUNT IN THE PRIOR CONTRACT PERIOD","") & IF(I37>E37," CBHC AMOUNT CAN NOT BE GREATER THAN TOTAL PROGRAM BUDGET AMOUNT FOR CURRENT CONTRACT PERIOD","")
B38: Retirement | E38: ='Budget Narrative'!B54 -> 0 | F38: =IFERROR(ROUND((E38-D38)/D38,4),"") | I38: ='Budget Narrative'!C54 -> 0 | J38: =IFERROR(ROUND((I38-H38)/H38,4),"") | L38: =IF(H38>D38,"CBHC AMOUNT CAN NOT BE GREATER THAN TOTAL PROGRAM BUDGET AMOUNT IN THE PRIOR CONTRACT PERIOD","") & IF(I38>E38," CBHC AMOUNT CAN NOT BE GREATER THAN TOTAL PROGRAM BUDGET AMOUNT FOR CURRENT CONTRACT PERIOD","")
B39: Long Term & Short Term Disability | E39: ='Budget Narrative'!B55 -> 0 | F39: =IFERROR(ROUND((E39-D39)/D39,4),"") | I39: ='Budget Narrative'!C55 -> 0 | J39: =IFERROR(ROUND((I39-H39)/H39,4),"") | L39: =IF(H39>D39,"CBHC AMOUNT CAN NOT BE GREATER THAN TOTAL PROGRAM BUDGET AMOUNT IN THE PRIOR CONTRACT PERIOD","") & IF(I39>E39," CBHC AMOUNT CAN NOT BE GREATER THAN TOTAL PROGRAM BUDGET AMOUNT FOR CURRENT CONTRACT PERIOD","")
B40: Subtotal Benefits | D40: =SUM(D34:D39) -> 0 | E40: =SUM(E34:E39) -> 0 | F40: =IFERROR(ROUND((E40-D40)/D40,4),"") | H40: =SUM(H34:H39) -> 0 | I40: =SUM(I34:I39) -> 0 | J40: =IFERROR(ROUND((I40-H40)/H40,4),"") | L40: =IF(OR(E40>'Budget Narrative'!B57+1,'Continuation Budget Summary'!E40<'Budget Narrative'!B57,'Continuation Budget Summary'!I40>'Budget Narrative'!C57+1,'Continuation Budget Summary'!I40<'Budget Narrative'!C57-1),"Total Does Not Match Budget Narrative Tab","")
B42: Subcontractor Partners | E42: ='Budget Narrative'!B61 -> 0 | F42: =IFERROR(ROUND((E42-D42)/D42,4),"") | I42: ='Budget Narrative'!C61 -> 0 | J42: =IFERROR(ROUND((I42-H42)/H42,4),"") | L42: =IF(H42>D42,"CBHC AMOUNT CAN NOT BE GREATER THAN TOTAL PROGRAM BUDGET AMOUNT IN THE PRIOR CONTRACT PERIOD","") & IF(I42>E42," CBHC AMOUNT CAN NOT BE GREATER THAN TOTAL PROGRAM BUDGET AMOUNT FOR CURRENT CONTRACT PERIOD","")
B43: Other Vendor Services | E43: ='Budget Narrative'!B62 -> 0 | F43: =IFERROR(ROUND((E43-D43)/D43,4),"") | I43: ='Budget Narrative'!C62 -> 0 | J43: =IFERROR(ROUND((I43-H43)/H43,4),"") | L43: =IF(H43>D43,"CBHC AMOUNT CAN NOT BE GREATER THAN TOTAL PROGRAM BUDGET AMOUNT IN THE PRIOR CONTRACT PERIOD","") & IF(I43>E43," CBHC AMOUNT CAN NOT BE GREATER THAN TOTAL PROGRAM BUDGET AMOUNT FOR CURRENT CONTRACT PERIOD","")
B44: Subtotal Contractual Services | D44: =SUM(D42:D43) -> 0 | E44: =SUM(E42:E43) -> 0 | F44: =IFERROR(ROUND((E44-D44)/D44,4),"") | H44: =SUM(H42:H43) -> 0 | I44: =SUM(I42:I43) -> 0 | J44: =IFERROR(ROUND((I44-H44)/H44,4),"") | L44: =IF(OR(E44>'Budget Narrative'!B64+1,'Continuation Budget Summary'!E44<'Budget Narrative'!B64,'Continuation Budget Summary'!I44>'Budget Narrative'!C64+1,'Continuation Budget Summary'!I44<'Budget Narrative'!C64-1),"Total Does Not Match Budget Narrative Tab","")
H45: 1
B46: Building Lease/Rent | E46: ='Budget Narrative'!B68 -> 0 | F46: =IFERROR(ROUND((E46-D46)/D46,4),"") | I46: ='Budget Narrative'!C68 -> 0 | J46: =IFERROR(ROUND((I46-H46)/H46,4),"") | L46: =IF(H46>D46,"CBHC AMOUNT CAN NOT BE GREATER THAN TOTAL PROGRAM BUDGET AMOUNT IN THE PRIOR CONTRACT PERIOD","") & IF(I46>E46," CBHC AMOUNT CAN NOT BE GREATER THAN TOTAL PROGRAM BUDGET AMOUNT FOR CURRENT CONTRACT PERIOD","")
B47: Occupancy Allocation | E47: ='Budget Narrative'!B69 -> 0 | F47: =IFERROR(ROUND((E47-D47)/D47,4),"") | I47: ='Budget Narrative'!C69 -> 0 | J47: =IFERROR(ROUND((I47-H47)/H47,4),"") | L47: =IF(H47>D47,"CBHC AMOUNT CAN NOT BE GREATER THAN TOTAL PROGRAM BUDGET AMOUNT IN THE PRIOR CONTRACT PERIOD","") & IF(I47>E47," CBHC AMOUNT CAN NOT BE GREATER THAN TOTAL PROGRAM BUDGET AMOUNT FOR CURRENT CONTRACT PERIOD","")
B48: Janitorial Expense | E48: ='Budget Narrative'!B70 -> 0 | F48: =IFERROR(ROUND((E48-D48)/D48,4),"") | I48: ='Budget Narrative'!C70 -> 0 | J48: =IFERROR(ROUND((I48-H48)/H48,4),"") | L48: =IF(H48>D48,"CBHC AMOUNT CAN NOT BE GREATER THAN TOTAL PROGRAM BUDGET AMOUNT IN THE PRIOR CONTRACT PERIOD","") & IF(I48>E48," CBHC AMOUNT CAN NOT BE GREATER THAN TOTAL PROGRAM BUDGET AMOUNT FOR CURRENT CONTRACT PERIOD","")
B49: Security | E49: ='Budget Narrative'!B71 -> 0 | F49: =IFERROR(ROUND((E49-D49)/D49,4),"") | I49: ='Budget Narrative'!C71 -> 0 | J49: =IFERROR(ROUND((I49-H49)/H49,4),"") | L49: =IF(H49>D49,"CBHC AMOUNT CAN NOT BE GREATER THAN TOTAL PROGRAM BUDGET AMOUNT IN THE PRIOR CONTRACT PERIOD","") & IF(I49>E49," CBHC AMOUNT CAN NOT BE GREATER THAN TOTAL PROGRAM BUDGET AMOUNT FOR CURRENT CONTRACT PERIOD","")
B50: Telephone | E50: ='Budget Narrative'!B72 -> 0 | F50: =IFERROR(ROUND((E50-D50)/D50,4),"") | I50: ='Budget Narrative'!C72 -> 0 | J50: =IFERROR(ROUND((I50-H50)/H50,4),"") | L50: =IF(H50>D50,"CBHC AMOUNT CAN NOT BE GREATER THAN TOTAL PROGRAM BUDGET AMOUNT IN THE PRIOR CONTRACT PERIOD","") & IF(I50>E50," CBHC AMOUNT CAN NOT BE GREATER THAN TOTAL PROGRAM BUDGET AMOUNT FOR CURRENT CONTRACT PERIOD","")
B51: Internet | E51: ='Budget Narrative'!B73 -> 0 | F51: =IFERROR(ROUND((E51-D51)/D51,4),"") | I51: ='Budget Narrative'!C73 -> 0 | J51: =IFERROR(ROUND((I51-H51)/H51,4),"") | L51: =IF(H51>D51,"CBHC AMOUNT CAN NOT BE GREATER THAN TOTAL PROGRAM BUDGET AMOUNT IN THE PRIOR CONTRACT PERIOD","") & IF(I51>E51," CBHC AMOUNT CAN NOT BE GREATER THAN TOTAL PROGRAM BUDGET AMOUNT FOR CURRENT CONTRACT PERIOD","")
B52: Utilities | E52: ='Budget Narrative'!B74 -> 0 | F52: =IFERROR(ROUND((E52-D52)/D52,4),"") | I52: ='Budget Narrative'!C74 -> 0 | J52: =IFERROR(ROUND((I52-H52)/H52,4),"") | L52: =IF(H52>D52,"CBHC AMOUNT CAN NOT BE GREATER THAN TOTAL PROGRAM BUDGET AMOUNT IN THE PRIOR CONTRACT PERIOD","") & IF(I52>E52," CBHC AMOUNT CAN NOT BE GREATER THAN TOTAL PROGRAM BUDGET AMOUNT FOR CURRENT CONTRACT PERIOD","")
B53: Subtotal Occupancy Costs | D53: =SUM(D46:D52) -> 0 | E53: =SUM(E46:E52) -> 0 | F53: =IFERROR(ROUND((E53-D53)/D53,4),"") | H53: =SUM(H46:H52) -> 0 | I53: =SUM(I46:I52) -> 0 | J53: =IFERROR(ROUND((I53-H53)/H53,4),"") | L53: =IF(OR(E53>'Budget Narrative'!B76+1,'Continuation Budget Summary'!E53<'Budget Narrative'!B76,'Continuation Budget Summary'!I53>'Budget Narrative'!C76+1,'Continuation Budget Summary'!I53<'Budget Narrative'!C76-1),"Total Does Not Match Budget Narrative Tab","")
B55: Local Travel (Mileage) | E55: ='Budget Narrative'!B80 -> 0 | F55: =IFERROR(ROUND((E55-D55)/D55,4),"") | I55: ='Budget Narrative'!C80 -> 0 | J55: =IFERROR(ROUND((I55-H55)/H55,4),"") | L55: =IF(H55>D55,"CBHC AMOUNT CAN NOT BE GREATER THAN TOTAL PROGRAM BUDGET AMOUNT IN THE PRIOR CONTRACT PERIOD","") & IF(I55>E55," CBHC AMOUNT CAN NOT BE GREATER THAN TOTAL PROGRAM BUDGET AMOUNT FOR CURRENT CONTRACT PERIOD","")
B56: Training/Conference Expense & Travel | E56: ='Budget Narrative'!B81 -> 0 | F56: =IFERROR(ROUND((E56-D56)/D56,4),"") | I56: ='Budget Narrative'!C81 -> 0 | J56: =IFERROR(ROUND((I56-H56)/H56,4),"") | L56: =IF(H56>D56,"CBHC AMOUNT CAN NOT BE GREATER THAN TOTAL PROGRAM BUDGET AMOUNT IN THE PRIOR CONTRACT PERIOD","") & IF(I56>E56," CBHC AMOUNT CAN NOT BE GREATER THAN TOTAL PROGRAM BUDGET AMOUNT FOR CURRENT CONTRACT PERIOD","")
B57: Rent & Lease/Equipment | E57: ='Budget Narrative'!B82 -> 0 | F57: =IFERROR(ROUND((E57-D57)/D57,4),"") | I57: ='Budget Narrative'!C82 -> 0 | J57: =IFERROR(ROUND((I57-H57)/H57,4),"") | L57: =IF(H57>D57,"CBHC AMOUNT CAN NOT BE GREATER THAN TOTAL PROGRAM BUDGET AMOUNT IN THE PRIOR CONTRACT PERIOD","") & IF(I57>E57," CBHC AMOUNT CAN NOT BE GREATER THAN TOTAL PROGRAM BUDGET AMOUNT FOR CURRENT CONTRACT PERIOD","")
B58: Insurance | E58: ='Budget Narrative'!B83 -> 0 | F58: =IFERROR(ROUND((E58-D58)/D58,4),"") | I58: ='Budget Narrative'!C83 -> 0 | J58: =IFERROR(ROUND((I58-H58)/H58,4),"") | L58: =IF(H58>D58,"CBHC AMOUNT CAN NOT BE GREATER THAN TOTAL PROGRAM BUDGET AMOUNT IN THE PRIOR CONTRACT PERIOD","") & IF(I58>E58," CBHC AMOUNT CAN NOT BE GREATER THAN TOTAL PROGRAM BUDGET AMOUNT FOR CURRENT CONTRACT PERIOD","")
B59: Postage | E59: ='Budget Narrative'!B84 -> 0 | F59: =IFERROR(ROUND((E59-D59)/D59,4),"") | I59: ='Budget Narrative'!C84 -> 0 | J59: =IFERROR(ROUND((I59-H59)/H59,4),"") | L59: =IF(H59>D59,"CBHC AMOUNT CAN NOT BE GREATER THAN TOTAL PROGRAM BUDGET AMOUNT IN THE PRIOR CONTRACT PERIOD","") & IF(I59>E59," CBHC AMOUNT CAN NOT BE GREATER THAN TOTAL PROGRAM BUDGET AMOUNT FOR CURRENT CONTRACT PERIOD","")
B60: Printing & Copying | E60: ='Budget Narrative'!B85 -> 0 | F60: =IFERROR(ROUND((E60-D60)/D60,4),"") | I60: ='Budget Narrative'!C85 -> 0 | J60: =IFERROR(ROUND((I60-H60)/H60,4),"") | L60: =IF(H60>D60,"CBHC AMOUNT CAN NOT BE GREATER THAN TOTAL PROGRAM BUDGET AMOUNT IN THE PRIOR CONTRACT PERIOD","") & IF(I60>E60," CBHC AMOUNT CAN NOT BE GREATER THAN TOTAL PROGRAM BUDGET AMOUNT FOR CURRENT CONTRACT PERIOD","")
B61: Advertising | E61: ='Budget Narrative'!B86 -> 0 | F61: =IFERROR(ROUND((E61-D61)/D61,4),"") | I61: ='Budget Narrative'!C86 -> 0 | J61: =IFERROR(ROUND((I61-H61)/H61,4),"") | L61: =IF(H61>D61,"CBHC AMOUNT CAN NOT BE GREATER THAN TOTAL PROGRAM BUDGET AMOUNT IN THE PRIOR CONTRACT PERIOD","") & IF(I61>E61," CBHC AMOUNT CAN NOT BE GREATER THAN TOTAL PROGRAM BUDGET AMOUNT FOR CURRENT CONTRACT PERIOD","")
B62: Outreach | E62: ='Budget Narrative'!B87 -> 0 | F62: =IFERROR(ROUND((E62-D62)/D62,4),"") | I62: ='Budget Narrative'!C87 -> 0 | J62: =IFERROR(ROUND((I62-H62)/H62,4),"") | L62: =IF(H62>D62,"CBHC AMOUNT CAN NOT BE GREATER THAN TOTAL PROGRAM BUDGET AMOUNT IN THE PRIOR CONTRACT PERIOD","") & IF(I62>E62," CBHC AMOUNT CAN NOT BE GREATER THAN TOTAL PROGRAM BUDGET AMOUNT FOR CURRENT CONTRACT PERIOD","")
B63: Memberships/Subscriptions/License | E63: ='Budget Narrative'!B88 -> 0 | F63: =IFERROR(ROUND((E63-D63)/D63,4),"") | I63: ='Budget Narrative'!C88 -> 0 | J63: =IFERROR(ROUND((I63-H63)/H63,4),"") | L63: =IF(H63>D63,"CBHC AMOUNT CAN NOT BE GREATER THAN TOTAL PROGRAM BUDGET AMOUNT IN THE PRIOR CONTRACT PERIOD","") & IF(I63>E63," CBHC AMOUNT CAN NOT BE GREATER THAN TOTAL PROGRAM BUDGET AMOUNT FOR CURRENT CONTRACT PERIOD","")
B64: Background Screening (volunteers) | E64: ='Budget Narrative'!B89 -> 0 | F64: =IFERROR(ROUND((E64-D64)/D64,4),"") | I64: ='Budget Narrative'!C89 -> 0 | J64: =IFERROR(ROUND((I64-H64)/H64,4),"") | L64: =IF(H64>D64,"CBHC AMOUNT CAN NOT BE GREATER THAN TOTAL PROGRAM BUDGET AMOUNT IN THE PRIOR CONTRACT PERIOD","") & IF(I64>E64," CBHC AMOUNT CAN NOT BE GREATER THAN TOTAL PROGRAM BUDGET AMOUNT FOR CURRENT CONTRACT PERIOD","")
B65: Information Technology Expense | E65: ='Budget Narrative'!B90 -> 0 | F65: =IFERROR(ROUND((E65-D65)/D65,4),"") | I65: ='Budget Narrative'!C90 -> 0 | J65: =IFERROR(ROUND((I65-H65)/H65,4),"") | L65: =IF(H65>D65,"CBHC AMOUNT CAN NOT BE GREATER THAN TOTAL PROGRAM BUDGET AMOUNT IN THE PRIOR CONTRACT PERIOD","") & IF(I65>E65," CBHC AMOUNT CAN NOT BE GREATER THAN TOTAL PROGRAM BUDGET AMOUNT FOR CURRENT CONTRACT PERIOD","")
B66: Office Supplies | E66: ='Budget Narrative'!B91 -> 0 | F66: =IFERROR(ROUND((E66-D66)/D66,4),"") | I66: ='Budget Narrative'!C91 -> 0 | J66: =IFERROR(ROUND((I66-H66)/H66,4),"") | L66: =IF(H66>D66,"CBHC AMOUNT CAN NOT BE GREATER THAN TOTAL PROGRAM BUDGET AMOUNT IN THE PRIOR CONTRACT PERIOD","") & IF(I66>E66," CBHC AMOUNT CAN NOT BE GREATER THAN TOTAL PROGRAM BUDGET AMOUNT FOR CURRENT CONTRACT PERIOD","")
... B76: In-Kind Expense | E76: ='Budget Narrative'!B101 -> 0 | F76: =IFERROR(ROUND((E76-D76)/D76,4),"") | I76: ='Budget Narrative'!C101 -> 0 | J76: =IFERROR(ROUND((I76-H76)/H76,4),"") | L76: =IF(H76>D76,"CBHC AMOUNT CAN NOT BE GREATER THAN TOTAL PROGRAM BUDGET AMOUNT IN THE PRIOR CONTRACT PERIOD","") & IF(I76>E76," CBHC AMOUNT CAN NOT BE GREATER THAN TOTAL PROGRAM BUDGET AMOUNT FOR CURRENT CONTRACT PERIOD","")
B77: CBHC ASO Flexible Funds | E77: ='Budget Narrative'!B102 -> 0 | F77: =IFERROR(ROUND((E77-D77)/D77,4),"") | J77: =IFERROR(ROUND((I77-H77)/H77,4),"")
B78: Subtotal Other Operating Costs | D78: =SUM(D55:D77) -> 0 | E78: =SUM(E55:E77) -> 0 | F78: =IFERROR(ROUND((E78-D78)/D78,4),"") | H78: =SUM(H55:H77) -> 0 | I78: =SUM(I55:I77) -> 0 | J78: =IFERROR(ROUND((I78-H78)/H78,4),"") | L78: =IF(OR(E78>'Budget Narrative'!B104+1,'Continuation Budget Summary'!E78<'Budget Narrative'!B104,'Continuation Budget Summary'!I78>'Budget Narrative'!C104+1,'Continuation Budget Summary'!I78<'Budget Narrative'!C104-1),"Total Does Not Match Budget Narrative Tab","")
B80: Total Direct Expenditures | D80: =D78+D53+D44+D40+D32 -> 0 | E80: =E78+E53+E44+E40+E32 -> 0 | F80: =IFERROR(ROUND((E80-D80)/D80,4),"") | H80: =H78+H53+H44+H40+H32 -> 0 | I80: =I78+I53+I44+I40+I32 -> 0 | J80: =IFERROR(ROUND((I80-H80)/H80,4),"") | L80: =IF(H80>D80,"CBHC AMOUNT CAN NOT BE GREATER THAN TOTAL PROGRAM BUDGET AMOUNT IN THE PRIOR CONTRACT PERIOD","") & IF(I80>E80," CBHC AMOUNT CAN NOT BE GREATER THAN TOTAL PROGRAM BUDGET AMOUNT FOR CURRENT CONTRACT PERIOD","")
B82: Administrative/Indirect Cost** | E82: ='Budget Narrative'!B106 -> 0 | F82: =IFERROR(ROUND((E82-D82)/D82,4),"") | I82: ='Budget Narrative'!C106 -> 0 | J82: =IFERROR(ROUND((I82-H82)/H82,4),"")
H83: 50
B84: TOTAL EXPENDITURES | D84: =D80+D82 -> 0 | E84: =E80+E82 -> 0 | F84: =IFERROR(ROUND((E84-D84)/D84,4),"") | H84: =H80+H82 -> 0 | I84: =I80+I82 -> 0 | J84: =IFERROR(ROUND((I84-H84)/H84,4),"")
F85: =IFERROR(ROUND((E85-D85)/D85,4),"")
B86: Excess (Deficit) | D86: =D27-D84 -> 0 | E86: =E27-E84 -> 0 | F86: =IFERROR(ROUND((E86-D86)/D86,4),"") | H86: =H27-H84 -> 0 | I86: =I27-I84 -> 0 | J86: =J27-J84 -> 0 | L86: =IF(AND(E86<0.5,E86>-0.05,I86<0.5,I86>-0.05),"","REVENUES AND EXPENDITURES MUST BALANCE")
B88: Round to nearest dollar and do not use decimal places.
B89: ** Administrative/Indirect Cost can not exceed 12% of direct expenditures (agencies with total budgets greater than $750,000) or 20% of direct expenditures (agencies with total budgets less than $750,000) unless authorized by CBHC and may only be calculated on the first $25,000 of each individual contractual service or subcontract unless authorized by CBHC.

Sheet Salary Detail - Cont. Budget
C2: SALARY DETAIL | G2: See Fiscal Handbook for Instructions. Do Not Change Forms
C3: CONTINUATION BUDGET
C5: ='Continuation Budget Summary'!B4 -> Agency:
C6: ='Continuation Budget Summary'!B5 -> Program:
C7: ='Continuation Budget Summary'!B6 -> Contract Period:
C11: Program Salaries
C12: (1) | E12: (2) | F12: (3) | G12: (4) | H12: (5) | I12: (6) | J12: (7)
E13: FY 25-26 | F13: FY 25-26 | G13: FY 25-26 | H13: FY 25-26 | I13: FY 24-25 | J13: FY 24-25
C14: Name and | D14: Agency | E14: Gross | F14: % of Time | G14: Total | H14: CBHC | I14: Total | J14: CBHC
C15: Position Title | D15: FTE | E15: Salary | F15: in Program | G15: Program Salary | H15: Amount | I15: Program Salary | J15: Amount
B16: 1. | C16: Name:
C17: Position:
B18: 2. | C18: Name:
C19: Position:
B20: 3. | C20: Name:
C21: Position:
B22: 4. | C22: Name:
C23: Position:
B24: 5. | C24: Name:
C25: Position:
B26: 6. | C26: Name:
C27: Position:
B28: 7. | C28: Name:
C29: Position:
B30: 8. | C30: Name:
C31: Position:
B32: 9. | C32: Name:
C33: Position:
B34: 10. | C34: Name:
C35: Position:
B36: 11. | C36: Name:
C37: Position:
B38: 12. | C38: Name:
C39: Position:
B40: 13. | C40: Name:
C41: Position:
B42: 14. | C42: Name:
C43: Position:
B44: 15. | C44: Name:
C45: Position:
B46: 16. | C46: Name:
C47: Position:
B48: 17. | C48: Name:
C49: Position:
B50: 18. | C50: Name:
C51: Position:
B52: 19. | C52: Name:
C53: Position:
B54: 20. | C54: Name:
C55: Position:
B56: 21. | C56: Name:
C57: Position:
B58: 22. | C58: Name:
C59: Position:
B60: 23. | C60: Name:
C61: Position:
B62: 24. | C62: Name:
C63: Position:
B64: 25. | C64: Name:
C65: Position:
C178: Total Salaries | G178: =SUM(G16:G174) -> 0 | H178: =SUM(H16:H174) -> 0 | I178: =SUM(I16:I174) -> 0 | J178: =SUM(J16:J174) -> 0

Sheet Budget Narrative
A1: ='Continuation Budget Summary'!B4 -> Agency: | D1: See Fiscal Handbook for Instructions. Rows may be added in order to provide more detail in the narrative. Make sure all cells are opened up in order to read all information included in each line.
A2: ='Continuation Budget Summary'!B5 -> Program:
A3: ='Continuation Budget Summary'!B6 -> Contract Period:
A5: BUDGET NARRATIVE
A7: BUDGET LINE ITEMS | B7: TOTAL PROGRAM BUDGET AMOUNT | C7: CBHC BUDGET AMOUNT
A9: REVENUES:
A11: Children's Board | B11: =C11 -> 0
A13: Other Funding Sources:
A21: Children's Board ASO
A22: Sub-Total of Other Funding Sources: | B22: =SUM(B15:B21) -> 0
A24: TOTAL REVENUE | B24: =B22+B11 -> 0 | C24: =C11 -> 0
A26: EXPENDITURES:
A28: Salaries
A29: List each Position Name and Title with a Narrative
E31: =(IF(B31<C31,"Error, Total Program Budget Amount is less than the CBHC Budget Amount.",""))&IF(AND(C31>=1,D31="")," Narrative required for budgeted lines items. See instructions for details required.","")
E32: =(IF(B32<C32,"Error, Total Program Budget Amount is less than the CBHC Budget Amount.",""))&IF(AND(C32>=1,D32="")," Narrative required for budgeted lines items. See instructions for details required.","")
E33: =(IF(B33<C33,"Error, Total Program Budget Amount is less than the CBHC Budget Amount.",""))&IF(AND(C33>=1,D33="")," Narrative required for budgeted lines items. See instructions for details required.","")
E34: =(IF(B34<C34,"Error, Total Program Budget Amount is less than the CBHC Budget Amount.",""))&IF(AND(C34>=1,D34="")," Narrative required for budgeted lines items. See instructions for details required.","")
E35: =(IF(B35<C35,"Error, Total Program Budget Amount is less than the CBHC Budget Amount.",""))&IF(AND(C35>=1,D35="")," Narrative required for budgeted lines items. See instructions for details required.","")
E36: =(IF(B36<C36,"Error, Total Program Budget Amount is less than the CBHC Budget Amount.",""))&IF(AND(C36>=1,D36="")," Narrative required for budgeted lines items. See instructions for details required.","")
E37: =(IF(B37<C37,"Error, Total Program Budget Amount is less than the CBHC Budget Amount.",""))&IF(AND(C37>=1,D37="")," Narrative required for budgeted lines items. See instructions for details required.","")
E38: =(IF(B38<C38,"Error, Total Program Budget Amount is less than the CBHC Budget Amount.",""))&IF(AND(C38>=1,D38="")," Narrative required for budgeted lines items. See instructions for details required.","")
E39: =(IF(B39<C39,"Error, Total Program Budget Amount is less than the CBHC Budget Amount.",""))&IF(AND(C39>=1,D39="")," Narrative required for budgeted lines items. See instructions for details required.","")
E40: =(IF(B40<C40,"Error, Total Program Budget Amount is less than the CBHC Budget Amount.",""))&IF(AND(C40>=1,D40="")," Narrative required for budgeted lines items. See instructions for details required.","")
E41: =(IF(B41<C41,"Error, Total Program Budget Amount is less than the CBHC Budget Amount.",""))&IF(AND(C41>=1,D41="")," Narrative required for budgeted lines items. See instructions for details required.","")
E42: =(IF(B42<C42,"Error, Total Program Budget Amount is less than the CBHC Budget Amount.",""))&IF(AND(C42>=1,D42="")," Narrative required for budgeted lines items. See instructions for details required.","")
... E45: =(IF(B45<C45,"Error, Total Program Budget Amount is less than the CBHC Budget Amount.",""))&IF(AND(C45>=1,D45="")," Narrative required for budgeted lines items. See instructions for details required.","")
A46: Subtotal Salaries | B46: =SUM(B31:B45) -> 0 | C46: =SUM(C31:C45) -> 0 | D46: =IF(AND(B46='Salary Detail - Cont. Budget'!G178,'Salary Detail - Cont. Budget'!H178='Budget Narrative'!C46),"","Salaries Narrative totals does not match the Salary Detail Tab totals")
A48: Fringe Benefits
A50: FICA | E50: =(IF(B50<C50,"Error, Total Program Budget Amount is less than the CBHC Budget Amount.",""))&IF(AND(C50>=1,D50="")," Narrative required for budgeted lines items. See instructions for details required.","")
A51: Unemployment Compensation | E51: =(IF(B51<C51,"Error, Total Program Budget Amount is less than the CBHC Budget Amount.",""))&IF(AND(C51>=1,D51="")," Narrative required for budgeted lines items. See instructions for details required.","")
A52: Workers' Compensation | E52: =(IF(B52<C52,"Error, Total Program Budget Amount is less than the CBHC Budget Amount.",""))&IF(AND(C52>=1,D52="")," Narrative required for budgeted lines items. See instructions for details required.","")
A53: Health/Life Insurance | E53: =(IF(B53<C53,"Error, Total Program Budget Amount is less than the CBHC Budget Amount.",""))&IF(AND(C53>=1,D53="")," Narrative required for budgeted lines items. See instructions for details required.","")
A54: Retirement | E54: =(IF(B54<C54,"Error, Total Program Budget Amount is less than the CBHC Budget Amount.",""))&IF(AND(C54>=1,D54="")," Narrative required for budgeted lines items. See instructions for details required.","")
A55: Long Term & Short Term Disability | E55: =(IF(B55<C55,"Error, Total Program Budget Amount is less than the CBHC Budget Amount.",""))&IF(AND(C55>=1,D55="")," Narrative required for budgeted lines items. See instructions for details required.","")
A57: Subtotal Fringe Benefits | B57: =SUM(B50:B55) -> 0 | C57: =SUM(C50:C55) -> 0
A59: Contractual Services
A61: Subcontractor Partners | E61: =(IF(B61<C61,"Error, Total Program Budget Amount is less than the CBHC Budget Amount.",""))&IF(AND(C61>=1,D61="")," Narrative required for budgeted lines items. See instructions for details required.","")
A62: Other Vendor Services | E62: =(IF(B62<C62,"Error, Total Program Budget Amount is less than the CBHC Budget Amount.",""))&IF(AND(C62>=1,D62="")," Narrative required for budgeted lines items. See instructions for details required.","")
A64: Subtotal Contractual Services | B64: =SUM(B61:B62) -> 0 | C64: =SUM(C61:C62) -> 0
A66: Occupancy Costs
A68: Building Lease/Rent | E68: =(IF(B68<C68,"Error, Total Program Budget Amount is less than the CBHC Budget Amount.",""))&IF(AND(C68>=1,D68="")," Narrative required for budgeted lines items. See instructions for details required.","")
A69: Occupancy Allocation | E69: =(IF(B69<C69,"Error, Total Program Budget Amount is less than the CBHC Budget Amount.",""))&IF(AND(C69>=1,D69="")," Narrative required for budgeted lines items. See instructions for details required.","")
A70: Janitorial Expense | E70: =(IF(B70<C70,"Error, Total Program Budget Amount is less than the CBHC Budget Amount.",""))&IF(AND(C70>=1,D70="")," Narrative required for budgeted lines items. See instructions for details required.","")
A71: Security | E71: =(IF(B71<C71,"Error, Total Program Budget Amount is less than the CBHC Budget Amount.",""))&IF(AND(C71>=1,D71="")," Narrative required for budgeted lines items. See instructions for details required.","")
A72: Telephone | E72: =(IF(B72<C72,"Error, Total Program Budget Amount is less than the CBHC Budget Amount.",""))&IF(AND(C72>=1,D72="")," Narrative required for budgeted lines items. See instructions for details required.","")
A73: Internet | E73: =(IF(B73<C73,"Error, Total Program Budget Amount is less than the CBHC Budget Amount.",""))&IF(AND(C73>=1,D73="")," Narrative required for budgeted lines items. See instructions for details required.","")
A74: Utilities | E74: =(IF(B74<C74,"Error, Total Program Budget Amount is less than the CBHC Budget Amount.",""))&IF(AND(C74>=1,D74="")," Narrative required for budgeted lines items. See instructions for details required.","")
A76: Subtotal Occupancy Costs | B76: =SUM(B68:B74) -> 0 | C76: =SUM(C68:C74) -> 0
A78: Other Operating Costs
A80: Local Travel (Mileage) | E80: =(IF(B80<C80,"Error, Total Program Budget Amount is less than the CBHC Budget Amount.",""))&IF(AND(C80>=1,D80="")," Narrative required for budgeted lines items. See instructions for details required.","")
A81: Training/Conference Expense & Travel | E81: =(IF(B81<C81,"Error, Total Program Budget Amount is less than the CBHC Budget Amount.",""))&IF(AND(C81>=1,D81="")," Narrative required for budgeted lines items. See instructions for details required.","")
A82: Rent & Lease/Equipment | E82: =(IF(B82<C82,"Error, Total Program Budget Amount is less than the CBHC Budget Amount.",""))&IF(AND(C82>=1,D82="")," Narrative required for budgeted lines items. See instructions for details required.","")
A83: Insurance | E83: =(IF(B83<C83,"Error, Total Program Budget Amount is less than the CBHC Budget Amount.",""))&IF(AND(C83>=1,D83="")," Narrative required for budgeted lines items. See instructions for details required.","")
A84: Postage | E84: =(IF(B84<C84,"Error, Total Program Budget Amount is less than the CBHC Budget Amount.",""))&IF(AND(C84>=1,D84="")," Narrative required for budgeted lines items. See instructions for details required.","")
A85: Printing & Copying | E85: =(IF(B85<C85,"Error, Total Program Budget Amount is less than the CBHC Budget Amount.",""))&IF(AND(C85>=1,D85="")," Narrative required for budgeted lines items. See instructions for details required.","")
A86: Advertising | E86: =(IF(B86<C86,"Error, Total Program Budget Amount is less than the CBHC Budget Amount.",""))&IF(AND(C86>=1,D86="")," Narrative required for budgeted lines items. See instructions for details required.","")
A87: Outreach | E87: =(IF(B87<C87,"Error, Total Program Budget Amount is less than the CBHC Budget Amount.",""))&IF(AND(C87>=1,D87="")," Narrative required for budgeted lines items. See instructions for details required.","")
A88: Memberships/Subscriptions/License | E88: =(IF(B88<C88,"Error, Total Program Budget Amount is less than the CBHC Budget Amount.",""))&IF(AND(C88>=1,D88="")," Narrative required for budgeted lines items. See instructions for details required.","")
A89: Background Screening (volunteers) | E89: =(IF(B89<C89,"Error, Total Program Budget Amount is less than the CBHC Budget Amount.",""))&IF(AND(C89>=1,D89="")," Narrative required for budgeted lines items. See instructions for details required.","")
A90: Information Technology Expense | E90: =(IF(B90<C90,"Error, Total Program Budget Amount is less than the CBHC Budget Amount.",""))&IF(AND(C90>=1,D90="")," Narrative required for budgeted lines items. See instructions for details required.","")
A91: Office Supplies | E91: =(IF(B91<C91,"Error, Total Program Budget Amount is less than the CBHC Budget Amount.",""))&IF(AND(C91>=1,D91="")," Narrative required for budgeted lines items. See instructions for details required.","")
... A101: In-Kind Expense | E101: =(IF(B101<C101,"Error, Total Program Budget Amount is less than the CBHC Budget Amount.",""))&IF(AND(C101>=1,D101="")," Narrative required for budgeted lines items. See instructions for details required.","")
A102: CBHC ASO Flexible Funds
A104: Subtotal Other Operating Costs | B104: =SUM(B80:B102) -> 0 | C104: =SUM(C80:C102) -> 0
A106: Administrative/Indirect Cost | E106: =(IF(B106<C106,"Error, Total Program Budget Amount is less than the CBHC Budget Amount.",""))&IF(AND(C106>=1,D106="")," Narrative required for budgeted lines items. See instructions for details required.","")
A108: Excess (Deficit) | B108: =B24-B46-B57-B64-B76-B104-B106 -> 0 | C108: =C24-C46-C57-C64-C76-C104-C106 -> 0 | D108: =IF(AND(B108<0.5,B108>-0.5,C108>-0.5,C108<0.5),"","REVENUES AND EXPENDITURES MUST BALANCE")
